Map: Automaton LE

Players

kukulkan

  • Race: Terran Terran
  • Spawn Location: 9:00

Monroe - Winner!

  • Race: Terran Terran
  • Spawn Location: 3:00

VOD

Have the link to the VOD?

Description

Time

  • Played on: May 8, 2019, 1:57 p.m.
  • Length: 16:46
Show
View Real Time Build Order
Export as new Build Order

kukulkan Terran 

Build Orders:  

Get SALT Encoding   

  12  0:03  SCV  
  13  0:20  SCV  
  14  0:32  SCV  
  15  0:48  Supply Depot  
  15  0:54  Supply Depot  
  15  0:58  Supply Depot  
  15  1:03  Supply Depot  
  15  1:10  SCV  
  16  1:25  Barracks  
  16  1:31  Barracks  
  16  1:34  Barracks  
  16  1:48  Refinery  
  16  1:54  Refinery  
  16  2:15  SCV  
  17  2:27  SCV  
  17  2:28  Marine  
  17  2:29  Marine x2  
  21  2:39  SCV  
  22  2:46  Marine x2  
  24  2:51  SCV  
  25  3:03  SCV  
  26  3:22  Command Center  
  26  3:55  Command Center  
  26  4:00  SCV  
  27  4:12  SCV  
  28  4:24  SCV  
  29  4:34  SCV  
  29  4:37  SCV  
  31  4:46  SCV  
  31  4:49  SCV  
  33  4:58  SCV  
  34  5:01  SCV  
  35  5:11  SCV  
  35  5:12  Orbital Command  
  35  5:13  SCV  
  37  5:23  Reaper, SCV  
  37  5:24  Reaper, Marine  
  41  5:41  Refinery, Marine  
  42  5:44  SCV  
  43  5:54  Marine  
  43  5:55  Marine  
  43  5:56  SCV  
  46  5:58  Refinery  
  46  5:59  Marine  
  47  6:12  Marine  
  47  6:13  Marine  
  47  6:14  SCV  
  47  6:17  Marine  
  51  6:26  SCV  
  51  6:30  Marine  
  51  6:31  Marine  
  54  6:35  Marine  
  54  6:38  SCV  
  56  6:48  Marine  
  56  6:49  Marine  
  56  6:50  SCV  
  59  7:02  SCV  
  60  7:35  Reaper  
  60  7:36  Reaper x2  
  63  7:45  Factory  
  63  8:07  Marine x2  
  63  8:08  SCV  
  67  8:19  Barracks Tech Lab  
  66  8:20  SCV  
  66  8:26  Barracks Reactor  
  68  8:29  Barracks Reactor  
  68  8:32  SCV  
  68  8:35  Factory  
  68  8:36  Factory Tech Lab  
  68  8:42  Marauder  
  68  8:44  SCV  
  71  8:56  SCV  
  72  9:04  Marauder  
  74  9:20  Concussive Shells  
  74  9:25  Marauder  
  76  9:46  Supply Depot  
  76  9:47  Supply Depot  
  76  9:50  Supply Depot  
  76  9:55  Supply Depot  
  76  10:03  Combat Shield  
  76  10:08  Marauder, Siege Tank  
  79  10:29  Marine  
  80  10:40  Siege Tank  
  83  10:46  Factory Reactor  
  83  10:47  Infernal Pre-Igniter, Marauder  
  85  11:09  Marauder  
  87  11:12  Siege Tank  
  71  11:22  Stimpack  
  65  11:35  Starport  
  65  11:37  Starport  
  65  11:42  Starport  
  65  11:44  Siege Tank  
  68  12:06  Mag-Field Accelerator  
  68  12:16  Siege Tank  
  71  12:41  Widow Mine  
  75  12:44  Widow Mine  
  75  12:48  Siege Tank  
  75  12:51  Refinery  
  78  12:53  Refinery  
  78  13:01  Starport Tech Lab  
  78  13:03  Starport Reactor  
  78  13:04  Starport Reactor  
  69  13:20  Cyclone  
  56  13:44  Marine x3  
  56  13:45  Marine x2  
  56  13:52  Cyclone  
  56  13:53  Viking x5  
  69  14:02  Marine x3  
  57  14:20  Marine  
  57  14:23  Viking x4  
  49  14:53  Viking x2  
  45  15:15  Barracks  
Show
View Real Time Build Order
Export as new Build Order

Monroe Terran - Winner!

Build Orders:  

Get SALT Encoding   

  12  0:12  Supply Depot  
  12  0:16  SCV  
  13  0:37  Barracks  
  13  0:53  Supply Depot, SCV  
  14  1:05  SCV  
  15  1:14  Engineering Bay  
  15  1:28  Refinery  
  15  1:36  Marine  
  16  1:46  SCV  
  17  1:54  Marine  
  17  1:58  SCV  
  19  2:11  SCV  
  19  2:12  Marine  
  21  2:23  SCV  
  21  2:24  Command Center  
  21  2:29  Marine  
  23  2:37  Factory  
  23  2:47  Marine  
  23  2:48  Orbital Command  
  24  3:05  Marine  
  25  3:23  Marine  
  26  3:32  Widow Mine  
  28  3:37  SCV  
  29  3:45  Marine  
  30  3:49  SCV  
  30  3:53  Widow Mine  
  33  3:58  Starport  
  33  4:01  SCV  
  34  4:03  Marine  
  35  4:13  SCV  
  35  4:14  Widow Mine  
  38  4:20  Missile Turret  
  38  4:21  Marine  
  39  4:25  SCV  
  40  4:38  SCV, Marine  
  41  4:44  Missile Turret  
  42  4:50  SCV  
  43  4:55  Refinery  
  43  4:58  Refinery x2, SCV  
  44  5:02  SCV  
  44  5:03  Starport Tech Lab  
  45  5:10  Missile Turret  
  45  5:11  SCV  
  46  5:26  Fusion Core  
  46  5:51  Supply Depot  
  46  6:00  Planetary Fortress  
  46  6:12  SCV, Marine, Widow Mine  
  46  6:14  Supply Depot  
  50  6:24  SCV  
  51  6:30  Marine  
  51  6:31  Weapon Refit  
  52  6:36  SCV  
  52  6:37  Supply Depot  
  53  6:45  Starport  
  53  6:47  Marine  
  53  6:48  SCV  
  53  6:52  SCV  
  56  6:59  Supply Depot  
  56  7:01  SCV  
  57  7:04  SCV  
  58  7:16  SCV  
  59  7:23  Starport  
  59  7:25  Armory  
  59  7:28  SCV  
  60  7:31  Command Center  
  60  7:40  SCV  
  60  7:41  Command Center  
  60  7:42  Starport Tech Lab  
  61  7:51  Battlecruiser  
  67  8:03  Starport  
  67  8:08  Starport Tech Lab  
  67  8:13  Terran Vehicle Weapons Level 1, Armory  
  67  8:37  Supply Depot  
  67  8:44  Marine  
  69  8:55  SCV  
  69  8:59  Supply Depot  
  69  9:00  Refinery  
  69  9:02  Marine  
  70  9:07  SCV  
  71  9:16  Starport Tech Lab  
  71  9:19  Battlecruiser, Marine  
  71  9:20  SCV  
  71  9:21  Supply Depot  
  79  9:33  SCV  
  79  9:37  Marine  
  81  9:43  Supply Depot, SCV  
  81  9:45  SCV  
  83  9:55  SCV  
  83  9:58  Refinery  
  83  9:59  SCV  
  85  10:07  Terran Vehicle And Ship Armor Level 1, SCV  
  85  10:11  SCV  
  85  10:14  Battlecruiser  
  93  10:19  SCV  
  94  10:21  Terran Vehicle Weapons Level 2  
  94  10:24  SCV  
  95  10:31  SCV  
  96  10:36  SCV  
  97  10:47  SCV  
  97  10:48  SCV  
  99  10:53  Refinery  
  99  10:58  Battlecruiser  
  99  10:59  SCV  
  97  11:11  SCV  
  93  11:22  SCV  
  93  11:23  SCV  
  94  11:31  Battlecruiser x2  
  106  11:34  SCV  
  106  11:35  SCV  
  108  11:47  SCV  
  109  11:50  SCV  
  110  11:59  SCV  
  111  12:02  Terran Ship Weapons Level 1, SCV  
  112  12:11  SCV  
  112  12:14  SCV  
  114  12:23  SCV  
  114  12:26  Battlecruiser x2  
  127  12:33  Planetary Fortress  
  127  12:35  SCV  
  128  12:47  SCV  
  129  12:58  Battlecruiser  
  135  12:59  SCV  
  136  13:11  SCV  
  137  13:23  SCV  
  138  13:35  SCV  
  139  13:55  Terran Vehicle And Ship Armor Level 2  
Tags
 
Matchup
TvT
Race
Terran
Spawn Locations
Cross Positions
Add a new tag
Caveats
  • Supply blocks, unpowered buildings, or Contaminate may cause inaccurate times.
  • Supply counts are checked every 10 seconds.